 Dungeon Crawl Stone Soup version 0.29-a0-409-gd843f3a48c (webtiles) character file.

Game seed: 11489805052545299363

1845 Pelinal the Insei (level 9, -3/41 HPs)
             Began as a Vine Stalker Transmuter on May 14, 2022.
             Was a Priest of Okawaru.
             Shot with an arrow by a centaur (5 damage)
             ... on level 7 of the Dungeon.
             The game lasted 00:14:07 (6352 turns).

Pelinal the Insei (Vine Stalker Transmuter)         Turns: 6352, Time: 00:14:08

Health: -3/41      AC:  5    Str: 13    XL:     9   Next: 12%
Magic:  0/16       EV: 14    Int: 13    God:    Okawaru [***...]
Gold:   360        SH:  0    Dex: 25    Spells: 11/17 levels left

rFire   . . .      SeeInvis .     - Unarmed
rCold   . . .      Faith    .   (no shield)
rNeg    . . .      Spirit   +   p - +2 leather armour {rPois}
rPois   +          Reflect  .   (helmet currently unavailable)
rElec   .          Harm     .   (no cloak)
rCorr   .          Rampage  .   (no gloves)
Will    +....                   (boots currently unavailable)
Stlth   ++........              (no amulet)
HPRegen 0.93/turn               r - +6 ring of dexterity
MPRegen 0.15/turn               (no ring)

@: appendages
A: horns 2, talons 2, fangs 3, regeneration 1, magic shield, antimagic bite, no
potion heal 2
a: End Transformation, Renounce Religion, Heroism


You were on level 7 of the Dungeon.
You worshipped Okawaru.
Okawaru was most pleased with you.
You had temporarily grown beastly horns and talons.
You visited 2 branches of the dungeon, and saw 8 of its levels.

You collected 360 gold pieces.

Inventory:

Missiles
 d - 274 stones
 e - 6 poisoned darts
 s - 5 boomerangs
Armour
 a - a +0 robe
 k - a +0 pair of boots (melded)
 p - a +2 leather armour of poison resistance (worn)
 w - a +2 helmet (melded)
 B - a +0 pair of boots
 D - a +3 leather armour
Jewellery
 f - a ring of protection from cold
 i - a ring of fire
 l - a +4 ring of evasion
 r - a +6 ring of dexterity (left hand)
 G - an amulet of faith
 H - a ring of protection from cold
Wands
 y - a wand of flame (10)
 F - a wand of iceblast (23)
Scrolls
 j - a scroll of enchant armour
 n - a scroll of silence {unknown}
 o - a scroll of enchant weapon {unknown}
 v - a scroll of amnesia {unknown}
 x - a scroll of teleportation
 z - a scroll of fear {unknown}
 A - a scroll of immolation {unknown}
 I - 2 scrolls of magic mapping {unknown}
Potions
 b - 4 potions of lignification
 c - 3 potions of curing
 g - 4 potions of brilliance
 h - a potion of experience {unknown}
 m - 3 potions of cancellation {unknown}
 q - a potion of haste
 t - a potion of attraction {unknown}
 u - a potion of flight {unknown}
 C - a potion of ambrosia {unknown}
 E - a potion of degeneration {unknown}
 J - a potion of magic {unknown}


   Skills:
 - Level 1.0 Fighting
 + Level 3.8 Dodging
 + Level 6.5 Unarmed Combat
 - Level 4.5 Spellcasting
 - Level 6.0 Transmutations
 - Level 4.0 Poison Magic
 - Level 3.4 Invocations


You had 11 spell levels left.
You knew the following spells:

 Your Spells              Type           Power      Damage    Failure   Level
a - Beastly Appendage     Tmut           36%        N/A       2%          1
b - Wereblood             Tmut           18%        N/A       3%          2
c - Spider Form           Tmut/Pois      16%        N/A       10%         3

Your spell library contained the following spells:

 Spells                   Type           Power      Damage    Failure   Level
 Ignite Poison            Fire/Tmut/Pois 11%        N/A       19%         3
 Blink                    Tloc           4%         N/A       36%         2
 Conjure Flame            Conj/Fire      2%         6-21      58%         3
 Lesser Beckoning         Tloc           2%         N/A       58%         3
 Ice Form                 Ice/Tmut       10%        N/A       58%         4
 Yara's Violent Unravell  Hex/Tmut       5%         3d4       90%         5
 Passage of Golubria      Tloc           2%         N/A       94%         4
 Sticky Flame             Conj/Fire      2%         2d3       94%         4
 Manifold Assault         Tloc           2%         N/A       100%        5
 Tukima's Dance           Hex            Unusable   N/A       N/A         3

Dungeon Overview and Level Annotations

Branches:
Dungeon (7/15)             Temple (1/1) D:4

Altars:
Ashenzari
Cheibriados
Dithmenos
Elyvilon
Fedhas
Gozag
Hepliaklqana
Kikubaaqudgha
Makhleb
Nemelex Xobeh
Okawaru
Qazlal
Ru
Sif Muna
Trog
Uskayaw
Vehumet
Wu Jian
Xom
Yredelemnul
Zin

Shops:
D:3 (   D:5 [*

Annotations:
D:7 3 runed translucent doors, loir's ghost, novice DjFE


Innate Abilities, Weirdness & Mutations

You have temporarily grown beastly horns and talons.
You have razor-sharp teeth.
Your natural rate of healing is unusually fast.
When hurt, damage is shared between your health and your magic reserves.
Your bite disrupts and absorbs the magic of your enemies.
Potions cannot restore your health.


Message History

The shadow imp's magic is no longer disrupted.
The shadow imp barely misses you.
You barely miss the shadow imp.
The shadow imp is lightly wounded.
The shadow imp barely misses you.
You hit the shadow imp. You claw the shadow imp.
You kill the shadow imp!
Okawaru accepts your kill.
You hit the white imp.
You claw the white imp, but do no damage.
Your headbutt misses the white imp. Your bite misses the white imp.
The white imp is moderately wounded.
You closely miss the white imp.
The centaur shouts!
You claw the white imp, but do no damage.
You bite the white imp, but do no damage.
The white imp is moderately wounded.
An orc comes into view. It is wielding a +0 hand axe.
The white imp closely misses you.
The orc shouts!
You punch the white imp!
You kill the white imp!
Okawaru accepts your kill.
You hear some strange, mumbled words.
A puff of flame appears from out of thin air!
The puff of flame hits you!
The centaur zaps a wand.
The mass of ice explodes!
The iceblast engulfs you!
The iceblast engulfs something!!
Reactivating autopickup.
The centaur zaps a wand.
The mass of ice explodes!
The iceblast engulfs you!
The centaur wields a +1 shortbow of flaming.
It bursts into flame!
The centaur shoots an arrow.
The arrow hits you. The arrow burns you.
Items here: ) / ? [.
Unknown command.
The centaur shoots an arrow.
The arrow completely misses you.
The centaur zaps a wand.
The mass of ice explodes!
The iceblast engulfs you!
* * * LOW HITPOINT WARNING * * *
The centaur shoots an arrow.
The arrow hits you.
You die...

#....##....##...........##.
#._≈....⌠).##..............
#..$≈c.....#......#####....
#...≈......#.....##........
##.≈≈≈≈≈...#.....##........
##..≈≈≈≈≈..#.....##........
.#...≈≈≈≈).o#.....##........
...⌠.≈....#.#.....##........
##........#@#.....##........
#..###..##.#....###########
.. ##.##.# #.##.# ..##.#
#..... ##.#.# .#.# ..#


You could see a centaur and an orc.

Vanquished Creatures
  A wyvern (D:7)
  A water moccasin (D:6)
  2 ice beasts
  2 black bears (D:6)
  A phantom (D:5)
  2 necrophages
  3 scorpions
  A howler monkey (D:7)
  2 jellies (D:6)
  2 hounds
  5 orc priests
  6 iguanas
  2 orc wizards
  8 adders
  8 gnolls
  A shadow imp (D:7)
  A white imp (D:7)
  An ufetubus (D:6)
  A worm (D:2)
  2 dart slugs
  29 orcs
  7 ball pythons
  8 endoplasms
  3 giant cockroaches
  9 goblins
  9 hobgoblins
  17 jackals
  5 quokkas
  6 bats
  5 frilled lizards
  11 kobolds
  11 rats
172 creatures vanquished.

Vanquished Creatures (others)
  An orc wizard (D:7)
  2 plants (D:3)
3 creatures vanquished.

Grand Total: 175 creatures vanquished

Notes
Turn   | Place    | Note
-------+----------+-------------------------------------------
     0 | D:1      | Pelinal the Vine Stalker Transmuter began the quest for the
                  | Orb.
     0 | D:1      | Reached XP level 1. HP: 9/9 MP: 4/4
    58 | D:1      | Reached skill level 1 in Fighting
   228 | D:1      | Reached XP level 2. HP: 7/14 MP: 3/6
   387 | D:1      | Learned a level 2 spell: Wereblood
  1014 | D:1      | Reached XP level 3. HP: 18/18 MP: 5/7
  1406 | D:2      | Found a faded altar of an unknown god.
  1633 | D:2      | Gained mutation: Your natural rate of healing is unusually
                  | fast. [Vine Stalker growth]
  1633 | D:2      | Reached XP level 4. HP: 22/22 MP: 6/8
  1744 | D:2      | You fall into a shaft and drop 2 floors!
  2074 | D:3      | Found Plog's Weapon Shoppe.
  2100 | D:3      | Reached XP level 5. HP: 22/25 MP: 6/9
  2288 | D:3      | Learned a level 3 spell: Spider Form
  3235 | D:4      | Found a staircase to the Ecumenical Temple.
  3248 | Temple   | Entered the Ecumenical Temple
  3426 | Temple   | Became a worshipper of Warmaster Okawaru
  3883 | D:4      | Found a broken altar of Ashenzari.
  3897 | D:4      | Reached XP level 6. HP: 30/30 MP: 6/10
  4073 | D:5      | Entered Level 5 of the Dungeon
  4092 | D:5      | Reached skill level 5 in Unarmed Combat
  4161 | D:5      | Noticed an ice beast
  4209 | D:5      | Killed an ice beast
  4209 | D:5      | Reached * piety under Okawaru
  4210 | D:5      | Reached XP level 7. HP: 19/33 MP: 3/11
  4345 | D:5      | Found Edaukky's Armour Shoppe.
  4380 | D:5      | Reached skill level 1 in Invocations
  4806 | D:5      | Found Nouciw's Fire Supplies.
  5354 | D:6      | Reached skill level 1 in Poison Magic
  5432 | D:6      | Found a white marble altar of Elyvilon.
  5507 | D:6      | Gained mutation: You have razor-sharp teeth. [Vine Stalker
                  | growth]
  5507 | D:6      | Reached XP level 8. HP: 37/37 MP: 12/12
  5554 | D:6      | Found a shimmering blue altar of Sif Muna.
  5635 | D:6      | Reached ** piety under Okawaru
  5636 | D:6      | Reached skill level 5 in Transmutations
  6096 | D:7      | Found a runed translucent gate.
  6097 | D:7      | Found a runed translucent gate.
  6098 | D:7      | Identified the +8 chain mail of Miolomoi {Regen+ Str+3
                  | Slay-3}
  6098 | D:7      | Noticed loir's ghost (novice DjFE)
  6099 | D:7      | Found a runed translucent gate.
  6271 | D:7      | Found an ancient bone altar of Kikubaaqudgha.
  6276 | D:7      | Reached XP level 9. HP: 41/41 MP: 14/16
  6291 | D:7      | Reached *** piety under Okawaru
  6351 | D:7      | HP: 1/41 [centaur/iceblast (13)]
  6352 | D:7      | Shot with an arrow by a centaur

Illustrated notes

Levels and vault maps discovered:
D:1:      dpeg_arrival_round_c, layout_basic, minmay_misc_feat_secret_circle,
          minmay_heptomino_o4
D:2:      layout_basic, shapermc_ecumenical_altar_totnotflames
D:3:      minmay_angry_zag, layout_basic, serial_shops, shop,
          lexackson_kobold_supper
D:4:      layout_basic, mainiacjoe_overflow_six_doors_small,
          minmay_temple_entry_statues_fountains
D:5:      layout_loops_ring, serial_shops, nicolae_take_the_stairs,
          kennysheep_cross_room, nicolae_shop_fire_sale
          [nicolae_sub_dead_trees], nicolae_underground_beach
D:6:      layout_rooms, elyvilon_altar_5, lemuel_tele_altar
D:7:      layout_basic, kiku_gazebo_pond_becter, biasface_ghost_orc_armoury,
          minivault_25, serial_park_tiny_pond, minmay_joined_circles
Temple:   minmay_crystal_spiral_temple

Skill      XL: |  1  2  3  4  5  6  7  8 |
---------------+-------------------------+-----
Fighting       | 1 |  1.0
Transmutations | 3 4 6 |  6.0
Dodging        | 2 3 |  3.8
Unarmed Combat | 4 6 |  6.5
Invocations    | 3 |  3.4
Poison Magic   | 1 4 |  4.0
Spellcasting   | 4 |  4.5

Action                   |  1- 3 |  4- 6 |  7- 9 || total
-------------------------+-------+-------+-------++-------
Melee: Unarmed           |    78 |   163 |   147 ||   388
       Kick              |    20 |    33 |    46 ||    99
       Headbutt          |     7 |    23 |    21 ||    51
       Bite              |    11 |    38 |    47 ||    96
       Punch             |       |     2 |     8 ||    10
 Cast: Beastly Appendage |    22 |    33 |    21 ||    76
       Wereblood         |       |     7 |     4 ||    11
       Spider Form       |       |       |     1 ||     1
Invok: Heroism           |       |       |     4 ||     4
Evoke: Wand              |       |     8 |     9 ||    17
  Use: Scroll            |       |     4 |     3 ||     7
 Stab: Sleeping          |     1 |     3 |     1 ||     5
Armor: Robe              |    17 |       |       ||    17
       Leather armour    |     1 |    35 |    14 ||    50
Dodge: Dodged            |    45 |   113 |    82 ||   240

Table legend: (Time is in decaauts)
 A = Elapsed time spent in this place.
 B = Non-inter-level travel time spent in this place.
 C = Inter-level travel time spent in this place.
 D = Time resting spent in this place.
 E = Time spent auto-exploring this place.
 F = Levels seen in this place.
 G = Mean time per level.
                   A        B        C        D        E       F      G
               +--------+--------+--------+--------+--------+-----+--------+
         Total |   6321 |   5917 |    404 |    568 |   3916 |   8 |  790.1 |
       Dungeon |   6095 |   5776 |    319 |    568 |   3795 |   7 |  870.7 |
        Temple |    226 |    141 |     85 |      0 |    121 |   1 |  226.0 |
               +--------+--------+--------+--------+--------+-----+--------+

Top non-repeatable levels by time:
     D:1: 1252 daAuts
     D:3: 1191 daAuts
     D:5: 1137 daAuts
     D:6: 736 daAuts
     D:4: 707 daAuts
     D:2: 683 daAuts
     D:7: 386 daAuts
  Temple: 226 daAuts
